 Dungeon Crawl Stone Soup version 0.26.0-45-g9c1d065592 (webtiles) character file.

Game seed: 8792493847767296694

147 BotanistLostinit the Insei (level 5, 0/37 HPs)
             Began as a Merfolk Transmuter on Jan 31, 2021.
             Succumbed to a kobold's poison
             ... on level 2 of the Dungeon.
             The game lasted 00:14:13 (3605 turns).

BotanistLostinit the Insei (Merfolk Transmuter)     Turns: 3605, Time: 00:14:14

Health: 0/37       AC:  2    Str:  9 (12) XL:     5   Next: 29%
Magic:  9/9        EV: 13    Int: 12      God:
Gold:   144        SH:  0    Dex: 12 (14) Spells: 6/9 levels left

rFire    . . .     SeeInvis .     - Unarmed
rCold    . . .     Faith    .   (no shield)
rNeg     . . .     Spirit   .   a - +0 robe
rPois    .         Reflect  .   (no helmet)
rElec    .         Harm     .   (no cloak)
rCorr    .         Rampage  .   (no gloves)
Will     .....                  (no boots)
Stlth    ++........             l - amulet of inaccuracy (curse)
HPRegen  0.12/turn              (no ring)
MPRegen  0.11/turn              (no ring)

@: lethally poisoned (0 -> -11), wereblooded
A: change form in water, swift swim, stealthy swim
a: no special abilities


You were on level 2 of the Dungeon.
You visited 1 branch of the dungeon, and saw 3 of its levels.

You collected 144 gold pieces.

Inventory:

Missiles
 g - 3 javelins
Armour
 a - a +0 robe (worn)
Jewellery
 l - a cursed amulet of inaccuracy (around neck)
Scrolls
 b - a scroll of identify
 d - 2 scrolls of teleportation {unknown}
 h - a scroll of amnesia {unknown}
 k - a scroll of fear {unknown}
Potions
 e - 4 potions of attraction
 f - 3 potions of haste
 i - 2 potions of flight


   Skills:
 + Level 1.2 Fighting
 + Level 4.0 Dodging
 + Level 1.0 Stealth
 + Level 4.8 Unarmed Combat
 + Level 2.7 Spellcasting
 + Level 3.4 Transmutations


You had 6 spell levels left.
You knew the following spells:

 Your Spells              Type           Power        Failure   Level
a - Beastly Appendage     Tmut           18%          6%          1
b - Wereblood             Tmut           9%           10%         2

Your spell library contained the following spells:

 Spells                   Type           Power        Failure   Level
 Spider Form              Tmut/Pois      2%           36%         3
 Ice Form                 Ice/Tmut       5%           77%         4
 Blade Hands              Tmut           4%           86%         5


Dungeon Overview and Level Annotations

Branches:
Dungeon (3/15)

Altars:
Makhleb


Message History

* * * LOW HITPOINT WARNING * * *
You feel sick.
There is a stone staircase leading up, spattered with blood here.
You see here a stone.
* * * LOW HITPOINT WARNING * * *
You feel sick.
You climb upwards.
* * * LOW HITPOINT WARNING * * *
You feel sick.
There is a stone staircase leading down here.
* * * LOW HITPOINT WARNING * * *
You feel sick.
You howl as the wereblood boils in your veins!
* * * LOW HITPOINT WARNING * * *
You feel sick.
* * * LOW HITPOINT WARNING * * *
You feel sick.
* * * LOW HITPOINT WARNING * * *
You feel sick.
You die...

#........#.....# #.##
## #.#####..#.....#
##.###.
#.#####..#.....#
#..#..
#.##..<..#.....#
#...#.
#<##.##.##.....#
#.....
#.....(.########
##<### ##.#.##.# ###
#.# #.#.##.###.## #.#
#.#....@....### #.#
#.####........######.#
#.####..##>##........#
#.......##.##.########
#######.##....#
#.#####†# #.#####.#
#.......# #########


There were no monsters in sight!

Vanquished Creatures
  A hound (D:2)
  Terence (D:2)
  3 adders
  An ooze (D:2)
  5 dart slugs
  An orc (D:2)
  2 giant cockroaches
  4 hobgoblins
  8 jackals
  A quokka (D:3)
  A ball python (D:1)
  7 bats
  3 frilled lizards
  4 goblins
  10 kobolds
  4 rats
56 creatures vanquished.

Notes
Turn   | Place    | Note
-------+----------+-------------------------------------------
     0 | D:1      | BotanistLostinit the Merfolk Transmuter began the quest for
                  | the Orb.
     0 | D:1      | Reached XP level 1. HP: 15/15 MP: 3/3
   129 | D:1      | Reached XP level 2. HP: 13/21 MP: 5/5
   803 | D:1      | Reached XP level 3. HP: 26/26 MP: 4/6
   818 | D:1      | Learned a level 2 spell: Wereblood
  1618 | D:2      | Noticed Terence
  1644 | D:2      | HP: 1/26 [Terence/+0 mace of protection (2)]
  1650 | D:2      | Killed Terence
  1651 | D:2      | Reached XP level 4. HP: 1/32 MP: 4/7
  2900 | D:2      | Found a burning altar of Makhleb.
  2915 | D:2      | Reached XP level 5. HP: 19/37 MP: 6/8
  3195 | D:3      | Reached skill level 1 in Stealth
  3256 | D:3      | HP: 1/37 [poisoned by an adder]
  3604 | D:2      | HP: 1/37 [poisoned by a kobold]
  3605 | D:2      | Succumbed to a kobold's poison

Illustrated notes

Levels and vault maps discovered:
D:1:      elethiomel_arrival_quiet, layout_basic, minmay_cut_off
D:2:      layout_loops_cross, makhleb_blood_cavern_becter, uniq_terence
D:3:      layout_rooms

Skill      XL: |  1  2  3  4  5 |
---------------+----------------+-----
Unarmed Combat | 4 |  4.8
Dodging        | 3 4 |  4.0
Transmutations | 3 |  3.4
Stealth        | 1 |  1.0
Fighting       | |  1.2
Spellcasting   | |  2.7

Action                   |  1- 3 |  4- 6 || total
-------------------------+-------+-------++-------
Melee: Unarmed           |   134 |   151 ||   285
       Headbutt          |    11 |       ||    11
       Punch             |       |     2 ||     2
 Cast: Beastly Appendage |    14 |       ||    14
       Wereblood         |     6 |    15 ||    21
  Use: Scroll            |       |     3 ||     3
       Potion            |       |     2 ||     2
 Stab: Sleeping          |       |     2 ||     2
Armor: Robe              |    32 |    16 ||    48
Dodge: Dodged            |   107 |   109 ||   216
